 Dungeon Crawl Stone Soup version 0.17-a0-530-gbe3d13a (webtiles) character file.

270 Hanyuu the Covered (level 6, -7/39 HPs)
             Began as a Gargoyle Fighter on Apr 12, 2015.
             Mangled by an ogre
             ... wielding a +0 giant club
              (9 damage)
             ... on level 6 of the Dungeon.
             The game lasted 00:05:31 (1755 turns).

Hanyuu the Covered (Gargoyle Fighter)               Turns: 1755, Time: 00:05:31

Health: -7/39      AC: 12    Str: 21    XL:     6   Next: 22%
Magic:  6/6        EV: 10    Int:  8    God:
Gold:   126        SH:  0    Dex: 10    Spells: 0 memorised, 5 levels left

rFire  + . .     SeeInvis .     w - +1 whip (drain)
rCold  x . .     Clarity  .     i - +0 ring mail (curse)
rNeg   + . .     SustAb   .     (no shield)
rPois  ∞         Gourm    .     (no helmet)
rElec  +         Spirit   .     q - +0 cloak
rCorr  .         Warding  .     (no gloves)
rMut   .         Stasis   .     y - +0 pair of boots
MR     .....                    (no amulet)
Stlth  ..........               (no ring)
                                h - ring of fire (curse)

@: not resistant to hostile enchantments, extremely unstealthy
A: negative energy resistance 1, electricity resistance, unbreathing,
petrification resistance, rot immunity, AC +4
a: no special abilities


You were on level 6 of the Dungeon.
You were hungry.

You visited 1 branch of the dungeon, and saw 4 of its levels.

You collected 126 gold pieces.

Inventory:

Hand weapons
 a - a +0 flail
 w - a +1 whip of draining (weapon)
Armour
 b - a +0 scale mail
 c - a +0 shield
 i - a cursed +0 ring mail (worn)
 q - a +0 cloak (worn)
 y - a +0 pair of boots (worn)
Jewellery
 h - a cursed ring of fire (left hand)
Magical devices
 s - a wand of polymorph (0)
Scrolls
 f - 7 scrolls of identify {unknown}
 g - 4 scrolls of remove curse {unknown}
 l - a scroll of enchant weapon {unknown}
 p - a scroll of amnesia {unknown}
 t - a scroll of enchant armour {unknown}
 u - a scroll of recharging {unknown}
 v - a scroll of noise {unknown}
Potions
 e - a potion of might
 m - a potion of mutation {unknown}
 n - a potion of cure mutation {unknown}
 o - a potion of haste
 z - a potion of lignification {unknown}
Comestibles
 d - 2 bread rations
 j - 3 meat rations
 k - 3 beef jerkies
 r - 4 fruits


   Skills:
 + Level 4.5 Fighting
 * Level 4.6 Maces & Flails
 + Level 4.7 Armour
 - Level 3.2 Shields


You had 5 spell levels left.
You didn't know any spells.

Dungeon Overview and Level Annotations

Branches:
Dungeon (6/15)
 Temple: D:4-7

Altars:


Innate Abilities, Weirdness & Mutations

You are resistant to torment.
Your stone body is resilient (AC +4).
You are immune to poison.
You resist negative energy.
You are resistant to electric shocks.
You can survive without breathing.
You are immune to petrification.
You are immune to rotting.


Message History

The ogre is lightly wounded.
The ogre hits you with a giant club.
You hit the ogre.
The ogre is moderately wounded.
The ogre hits you with a giant club!
* * * LOW HITPOINT WARNING * * *
You are too injured to fight recklessly!
You are too injured to fight recklessly!
You are too injured to fight recklessly!
You are too injured to fight recklessly!
Unknown command.
You hit the ogre. You drain the ogre!
The ogre is moderately wounded.
You barely miss the ogre.
The ogre is moderately wounded.
The ogre barely misses you.
You barely miss the ogre.
The ogre is moderately wounded.
The ogre hits you with a giant club!
You die...

........#
#.#
#####.#.#
#.#
..###.#
#.### ###
## #.#..
#.#.#
#.#†#
#.#.#
#...#
###@#
#O.......#
#.#####..
#.# #.#
#.# #.#
#.# #.#


You could see an ogre.

Vanquished Creatures
  A giant frog (D:6)
  Ijyb (D:2)
  2 orc wizards (D:6)
  A hound skeleton (D:6)
  3 adders
  3 gnolls (D:3)
  2 worms (D:3)
  2 oozes
  4 orcs (D:3)
  A bat skeleton (D:6)
  5 giant cockroaches
  5 goblins
  6 hobgoblins
  A quokka (D:2)
  A ball python (D:1)
  2 bats (D:1)
  3 giant geckos
  6 giant newts
  10 kobolds
  9 rats
68 creatures vanquished.

Notes
Turn   | Place    | Note
--------------------------------------------------------------
     0 | D:1      | Hanyuu, the Gargoyle Fighter, began the quest for the Orb.
     0 | D:1      | Reached XP level 1. HP: 14/14 MP: 1/1
   134 | D:1      | Reached XP level 2. HP: 13/19 MP: 2/2
   566 | D:2      | Reached XP level 3. HP: 23/23 MP: 3/3
   904 | D:2      | Noticed Ijyb
   965 | D:2      | Killed Ijyb
   965 | D:2      | Reached skill level 4 in Armour
   965 | D:2      | Reached XP level 4. HP: 29/29 MP: 4/4
  1178 | D:3      | Reached XP level 5. HP: 26/33 MP: 5/5
  1384 | D:3      | You fall through a shaft for 3 floors!
  1472 | D:6      | Reached XP level 6. HP: 37/39 MP: 6/6
  1745 | D:6      | Noticed an ogre
  1755 | D:6      | Mangled by an ogre

Action                   |  1- 3 |  4- 6 || total
-------------------------+-------+-------++-------
Melee: Flail             |   124 |    77 ||   201
       Unarmed           |     2 |       ||     2
       Whip              |       |    85 ||    85
  Use: Potion            |       |     2 ||     2
  Eat: Chunk             |       |     3 ||     3
